 Dungeon Crawl Stone Soup version 0.22.0-38-g04b72b8 (webtiles) character file.

60 Lew the Ducker (level 4, 0/31 HPs)
             Began as an Octopode Fighter on Aug 30, 2018.
             Succumbed to an adder's poison
             ... on level 2 of the Dungeon.
             The game lasted 00:01:27 (1021 turns).

Lew the Ducker (Octopode Fighter)                   Turns: 1021, Time: 00:01:28

Health: 0/31       AC:  1    Str: 12 (15) XL:     4   Next: 4%
Magic:  4/4        EV: 12    Int:  8 (10) God:
Gold:   35         SH:  8    Dex: 11 (12) Spells: 3/3 levels left

rFire    . . .     SeeInvis .   a - +1 rapier
rCold    . . .     Gourm    .   b - +0 shield
rNeg     . . .     Faith    .   (helmet restricted)
rPois    .         Spirit   .   (no amulet)
rElec    .         Reflect  .   (no ring)
rCorr    .         Harm     .   (no ring)
MR       .....                  (no ring)
Stlth    +++.......             (no ring)
HPRegen  0.10/turn              (no ring)
MPRegen  0.09/turn              (no ring)
                                (no ring)
                                (no ring)

@: lethally poisoned (0 -> -7)
A: almost no armour, stealthy swim, amphibious, 8 rings, constrict 8, camouflage
1, gelatinous body 1
a: no special abilities


You were on level 2 of the Dungeon.
You were not hungry.

You visited 1 branch of the dungeon, and saw 2 of its levels.

You collected 35 gold pieces.

Inventory:

Hand Weapons
 a - a +1 rapier (weapon)
Armour
 b - a +0 shield (worn)
Potions
 c - 2 potions of might
 i - a potion of heal wounds
Comestibles
 d - a ration


   Skills:
 - Level 3.0 Fighting
 + Level 2.6 Short Blades
 + Level 3.8 Dodging
 * Level 3.0 Stealth
 - Level 3.0 Shields


You had 3 spell levels left.
You didn't know any spells.
Your spell library was empty.

Dungeon Overview and Level Annotations

Branches:
Dungeon (2/15)

Altars:


Innate Abilities, Weirdness & Mutations

You cannot wear most types of armour.
You are very stealthy in the water. (Stealth+)
You are amphibious.
You can wear up to eight rings at the same time.
You can use your tentacles to constrict eight enemies at once.
Your skin changes colour to match your surroundings (Stealth+).
Your rubbery body absorbs attacks. (AC +1, EV +1)


Message History

* * * LOW HITPOINT WARNING * * *
You block the adder's attack.
You closely miss the adder. You grab the adder.
The adder is severely wounded.
You constrict the adder. You block the adder's attack.
You hit the adder.
You kill the adder!
You feel sick.
You hit the adder. Your grab misses the adder. You squeeze the adder.
The adder is severely wounded.
You block the adder's attack. The adder bites you.
* * * LOW HITPOINT WARNING * * *
You are more poisoned.
The adder poisons you!
You puncture the adder!
You kill the adder!
You feel your dexterity returning.
Your Stealth skill increases to level 3!
You have reached level 4!
You die...

###. #..####....### ...
#..# #.##.# #..########..#
#.##.## ##....§§§§§§..#
#.#...##
#.....§§§§§§..####......##
#...#########.##..........
#..$).........##.#.....<##
#..†....####...#.......##
#..)....>@.............# #
#..####.####...###..#..# #
#.. #.# ##..# #.##..###
... #.#####..###.##.....
###. ....................
# #.......############
#########


There were no monsters in sight!

Vanquished Creatures
  3 adders (D:2)
  A leopard gecko (D:1)
  A ball python (D:1)
  A giant cockroach (D:1)
  4 goblins
  6 hobgoblins
  4 jackals (D:1)
  4 kobolds
  3 bats (D:1)
  A frilled lizard (D:1)
  A rat (D:1)
29 creatures vanquished.

Notes
Turn   | Place    | Note
-------+----------+-------------------------------------------
     0 | D:1      | Lew the Octopode Fighter began the quest for the Orb.
     0 | D:1      | Reached XP level 1. HP: 16/16 MP: 1/1
   147 | D:1      | Reached skill level 1 in Stealth
   187 | D:1      | Reached XP level 2. HP: 20/21 MP: 2/2
   381 | D:1      | Reached XP level 3. HP: 15/26 MP: 3/3
  1020 | D:2      | HP: 1/26 [adder (4)]
  1021 | D:2      | Reached XP level 4. HP: 1/31 MP: 4/4
  1021 | D:2      | Succumbed to an adder's poison

Skill      XL: |  1  2  3 |
---------------+----------+-----
Stealth        | 1 2 3 |  3.0
Fighting       | |  3.0
Short Blades   | |  2.6
Dodging        | |  3.8
Shields        | |  3.0

Action                   |  1- 3 |  4- 6 || total
-------------------------+-------+-------++-------
Melee: Rapier            |    64 |       ||    64
       Constrict         |    15 |       ||    15
       Tentacles         |     9 |       ||     9
  Use: Scroll            |     3 |       ||     3
       Potion            |     3 |       ||     3
 Stab: Sleeping          |     4 |       ||     4
Armor: Skin              |     9 |       ||     9
Dodge: Dodged            |    32 |       ||    32
Block: Shield            |    34 |       ||    34
